 Dungeon Crawl Stone Soup version 0.18-a0-1718-g40ea4b6 (webtiles) character file.

1476 M4edhros the Covert (level 8, 0/48 HPs)
             Began as an Octopode Artificer on Apr 8, 2016.
             Was a Believer of Zin.
             Slain by a gnoll shaman
             ... wielding a +0 club
              (5 damage)
             ... on level 6 of the Dungeon.
             The game lasted 00:19:30 (6624 turns).

M4edhros the Covert (Octopode Artificer)            Turns: 6624, Time: 00:19:32

Health: 0/48       AC:  1    Str: 12    XL:     8   Next: 78%
Magic:  12/12      EV: 13    Int: 16    God:    Zin [**....]
Gold:   266        SH:  0    Dex: 17    Spells: 0 memorised, 7 levels left

rFire  . . .     SeeInvis +     h - +3 halberd
rCold  . . .     Gourm    .     (shield currently unavailable)
rNeg   + . .     Faith    .     (helmet restricted)
rPois  ∞         Spirit   .     (no amulet)
rElec  .         Dismiss  .     k - ring of positive energy
rCorr  .         Reflect  .     j - ring of see invisible
SustAt .         Harm     .     (no ring)
MR     .....                    (no ring)
Stlth  +++.......               (no ring)
                                (no ring)
                                (no ring)
                                (no ring)

@: vitalised, glowing, not resistant to hostile enchantments, fairly stealthy
A: almost no armour, amphibious, 8 rings, constrict 8, camouflage 1, gelatinous
body 1
a: Recite, Vitalisation, Donate Gold, Renounce Religion


You were on level 6 of the Dungeon.
You worshipped Zin.
Zin was pleased with you.
You were not hungry.

You visited 1 branch of the dungeon, and saw 6 of its levels.

You collected 295 gold pieces.
You donated 29 gold pieces to Zin.

Inventory:

Hand Weapons
 a - a +0 short sword
 h - a +3 halberd (weapon)
 s - a +1 hunting sling
 t - a +0 dagger of venom
Missiles
 e - 168 stones (quivered)
 m - 25 sling bullets
Jewellery
 j - a ring of see invisible (right tentacle)
 k - a ring of positive energy (left tentacle)
Wands
 b - a wand of flame (7/48)
 c - a wand of enslavement (11/24)
 d - a wand of random effects (12/48)
Scrolls
 l - 2 scrolls of magic mapping
 n - a scroll of remove curse {unknown}
 o - 4 scrolls of identify {unknown}
 p - 2 scrolls of enchant armour {unknown}
 q - a scroll of teleportation {unknown}
 u - a scroll of random uselessness {unknown}
 x - a scroll of noise {unknown}
Potions
 v - a potion of brilliance
 w - a potion of agility {unknown}
 A - a potion of flight {unknown}
Comestibles
 f - 7 bread rations
 g - a slice of pizza
 i - a meat ration
 r - a beef jerky


   Skills:
 - Level 1.0 Fighting
 - Level 1.0 Short Blades
 + Level 2.2 Polearms
 + Level 4.0 Slings
 - Level 2.0 Dodging
 + Level 8.5 Stealth
 * Level 5.9 Invocations
 + Level 6.0 Evocations


You had 7 spell levels left.
You didn't know any spells.

Dungeon Overview and Level Annotations

Branches:
Dungeon (6/15)             Temple (0/1) D:4

Altars:
Dithmenos
Elyvilon
Pakellas
Trog
Xom
Zin

Annotations:
D:4 M4edhros's ghost, amateur OpWn


Innate Abilities, Weirdness & Mutations

You cannot wear most types of armour.
You are amphibious.
You can wear up to eight rings at the same time.
You can use your tentacles to constrict eight enemies at once.
Your skin changes colour to match your surroundings (Stealth).
Your rubbery body absorbs attacks (AC +1).


Message History

The gnoll is almost dead.
You constrict the gnoll shaman.
You constrict the gnoll, but do no damage.
The gnoll hits you with a whip.
* * * LOW HITPOINT WARNING * * *
The giant gecko barely misses you. The gnoll shaman hits you with a club!
* * * LOW HITPOINT WARNING * * *
The gnoll misses you. The giant gecko closely misses you.
Drink which item? (? for menu, Esc to quit)
Okay, then.
Evoke which item? (* to show all) (? for menu, Esc to quit)
Okay, then.
You hit the gnoll shaman but do no damage.
You squeeze the gnoll shaman, but do no damage.
The gnoll shaman is severely wounded.
You constrict the gnoll shaman. You constrict the gnoll.
You kill the gnoll!
The gnoll shaman struggles to escape constriction.
The giant gecko closely misses you. The gnoll shaman hits you with a club.
You die...

#.......##...... ...
........##..(..# >....
........##.....# (..#
.........#.....##<..#
.........#..........#
.........#..........# ##
#.......##..........+...
#.......##...g.#l....#
...............#@.PP.#.
...............g)._.....
.........#.......P......
#...[....######......#..
#.......## #....### #
........># ######
.........# .........#
#.......##


You could see a gnoll shaman and a giant gecko.

Vanquished Creatures
  A hippogriff (D:4)
  An ice beast (D:5)
  2 black bears (D:6)
  A sky beast (D:5)
  A centaur (D:5)
  3 ogres
  A vampire bat (D:3)
  A giant frog zombie (D:6)
  An orc priest (D:4)
  4 orc wizards
  Natasha (twice) (D:2)
  An iguana (D:4)
  2 worker ants (D:5)
  The ghost of Vojta the Magician, a weakling HEWz (D:3)
  5 gnolls
  6 adders
  2 shadow imps (D:5)
  An ooze (D:3)
  6 worms
  A dart slug (D:1)
  3 fire bats (D:3)
  5 giant geckos
  13 orcs
  2 spectral bats (D:3)
  3 bat skeletons (D:3)
  A bat zombie (D:3)
  4 giant cockroaches
  4 goblins
  11 hobgoblins
  6 jackals
  12 kobolds
  2 quokkas
  3 ball pythons
  14 bats
  A bat simulacrum (D:3)
  4 giant newts
  10 rats
141 creatures vanquished.

Vanquished Creatures (collateral kills)
  A jackal (D:3)
1 creature vanquished.

Grand Total: 142 creatures vanquished

Notes
Turn   | Place    | Note
--------------------------------------------------------------
     0 | D:1      | M4edhros the Octopode Artificer began the quest for the Orb.
     0 | D:1      | Reached XP level 1. HP: 13/13 MP: 3/3
    89 | D:1      | Reached skill level 2 in Stealth
   106 | D:1      | Reached XP level 2. HP: 18/18 MP: 4/4
   357 | D:1      | Reached skill level 3 in Stealth
   843 | D:2      | Reached XP level 3. HP: 23/23 MP: 5/5
   940 | D:2      | Found an oddly glowing altar of Pakellas.
  1056 | D:2      | Reached skill level 4 in Stealth
  1326 | D:2      | Noticed Natasha
  1332 | D:2      | Killed Natasha
  1332 | D:2      | Reached XP level 4. HP: 10/28 MP: 5/7
  1656 | D:2      | Reached skill level 5 in Stealth
  1756 | D:2      | Noticed Natasha
  1761 | D:2      | Killed Natasha
  1840 | D:3      | Reached XP level 5. HP: 33/33 MP: 8/8
  1855 | D:3      | Noticed Vojta's ghost (weakling HEWz)
  1873 | D:3      | Killed Vojta's ghost
  2159 | D:3      | Reached skill level 1 in Slings
  2251 | D:3      | Reached skill level 6 in Stealth
  2478 | D:3      | Reached XP level 6. HP: 24/38 MP: 9/9
  2683 | D:3      | Found a glowing silver altar of Zin.
  2828 | D:3      | Became a worshipper of Zin the Law-Giver
  2828 | D:3      | Reached * piety under Zin
  3166 | D:3      | Reached skill level 1 in Invocations
  3701 | D:4      | Noticed a hippogriff
  3717 | D:4      | Killed a hippogriff
  3717 | D:4      | Reached skill level 7 in Stealth
  3717 | D:4      | Reached skill level 5 in Evocations
  3717 | D:4      | Reached XP level 7. HP: 18/43 MP: 10/10
  3985 | D:4      | Found a shadowy altar of Dithmenos.
  4106 | D:4      | Found a staircase to the Ecumenical Temple.
  4230 | D:4      | Noticed M4edhros's ghost (amateur OpWn)
  4507 | D:5      | Entered Level 5 of the Dungeon
  4693 | D:5      | Found a white marble altar of Elyvilon.
  4693 | D:5      | Found an oddly glowing altar of Pakellas.
  5285 | D:5      | Found a shimmering altar of Xom.
  5327 | D:5      | Reached XP level 8. HP: 37/48 MP: 12/12
  5423 | D:5      | Reached skill level 1 in Polearms
  5771 | D:5      | Reached skill level 8 in Stealth
  5797 | D:5      | Reached skill level 5 in Invocations
  6033 | D:5      | Reached ** piety under Zin
  6340 | D:6      | Found a bloodstained altar of Trog.
  6624 | D:6      | Slain by a gnoll shaman

Vault maps used:
D:1:      dpeg_arrival_rooms_b
D:2:      grunt_pakellas_basics, uniq_natasha
D:3:      zin_statuary, goddamned_bats
D:4:      temple_green, first_bread, nicolae_dithmenos_shadow_blocks
D:5:      lemuel_doored_altar, gammafunk_temple_overflow_wave
D:6:      trog_ov_bears_minmay, nicolae_ru_path_of_blood

Skill      XL: |  1  2  3  4  5  6  7  8 |
---------------+-------------------------+-----
Stealth        | 2 3 4 5 6 7 8 |  8.5
Evocations     | 4 5 6 |  6.0
Slings         | 2 3 4 |  4.0
Invocations    | 2 4 5 |  5.9
Polearms       | 2 |  2.2
Fighting       | |  1.0
Short Blades   | |  1.0
Dodging        | |  2.0

Action                   |  1- 3 |  4- 6 |  7- 9 || total
-------------------------+-------+-------+-------++-------
Melee: Short sword       |    74 |    74 |       ||   148
       Dagger            |       |    68 |    22 ||    90
       Halberd           |       |       |    86 ||    86
 Fire: Hunting sling     |       |    13 |       ||    13
Invok: Vitalisation      |       |       |     1 ||     1
Evoke: Wand              |       |    11 |     4 ||    15
  Use: Potion            |     3 |     3 |       ||     6
       Scroll            |       |     3 |       ||     3
 Stab: Sleeping          |    13 |    14 |    16 ||    43
       Distracted        |     1 |     1 |     1 ||     3
  Eat: Chunk             |     1 |     7 |     5 ||    13
       Meat ration       |       |       |     1 ||     1
